 Dungeon Crawl Stone Soup version 0.18-a0-1343-g48c8f86 (console) character file.

63 Liam the Magician (level 3, -8/19 HPs)
             Began as a Deep Elf Wizard on Feb 16, 2016.
             Mangled by Sigmund
             ... wielding a +0 scythe
              (10 damage)
             ... on level 2 of the Dungeon.
             The game lasted 00:04:13 (2190 turns).

Liam the Magician (Deep Elf Wizard)                 Turns: 2190, Time: 00:04:13

Health: -8/19      AC:  2    Str:  4    XL:     3   Next: 87%
Magic:  1/12       EV: 12    Int: 23    God:
Gold:   116        SH:  0    Dex: 13    Spells: 5 memorised, 2 levels left

rFire  . . .     SeeInvis .     (no weapon)
rCold  . . .     Gourm    .     a - +0 robe
rNeg   . . .     Faith    .     (no shield)
rPois  .         Spirit   .     b - +0 hat
rElec  .         Dismiss  .     (no cloak)
rCorr  .         Reflect  .     (no gloves)
SustAt +         Harm     .     (no boots)
MR     .....                    (no amulet)
Stlth  ++........               (no ring)
                                j - ring of sustain attributes

@: very slightly contaminated, not resistant to hostile enchantments, unstealthy
A: no striking features
a: no special abilities


You were on level 2 of the Dungeon.
You were hungry.

You visited 1 branch of the dungeon, and saw 2 of its levels.

You collected 116 gold pieces.

Inventory:

Armour
 a - a +0 robe (worn)
 b - a +0 hat (worn)
Jewellery
 g - an uncursed amulet of guardian spirit
 j - a ring of sustain attributes (left hand)
Scrolls
 e - 2 scrolls of identify {unknown}
 f - a scroll of fear {unknown}
 l - a scroll of teleportation {unknown}
 n - a scroll of immolation {unknown}
 q - a scroll of recharging {unknown}
 r - a scroll of remove curse {unknown}
 t - a scroll of noise {unknown}
Potions
 h - a potion of lignification {unknown}
 i - a potion of cure mutation {unknown}
 k - a potion of flight {unknown}
 m - a potion of heal wounds {unknown}
 o - a potion of degeneration {unknown}
Books
 c - a book of Minor Magic

   Spells                             Type                      Level
   a - Magic Dart                     Conjuration                  1
   b - Blink                          Translocation                2
   c - Call Imp                       Summoning                    2
   d - Repel Missiles                 Charms/Air                   2
   e - Slow                           Hexes                        2
   f - Conjure Flame                  Conjuration/Fire             3
   g - Mephitic Cloud                 Conjuration/Poison/Air       3
Comestibles
 d - a bread ration
 p - a meat ration


   Skills:
 - Level 2.4 Dodging
 - Level 2.4 Stealth
 + Level 5.5 Spellcasting
 + Level 3.1 Conjurations
   Level 1.1 Summonings
 - Level 1.1 Translocations


You had 2 spell levels left.
You knew the following spells:

 Your Spells              Type           Power        Failure   Level  Hunger
a - Magic Dart            Conj           ###.         2%          1    None
b - Blink                 Tloc           N/A          12%         2    None
d - Mephitic Cloud        Conj/Pois/Air  ##......     21%         3    ##.....
e - Conjure Flame         Conj/Fire      ##......     17%         3    ##.....
m - Repel Missiles        Chrm/Air       #.....       17%         2    None


Dungeon Overview and Level Annotations

Branches:
Dungeon (2/15)

Altars:

Annotations:
D:2 Sigmund


Message History

Sigmund is moderately wounded.
Sigmund hits you from afar with a scythe!
Ouch! That really hurt!
* * * LOW HITPOINT WARNING * * *
The adder is engulfed in noxious fumes.
The adder appears confused.
The adder is engulfed in noxious fumes.
The adder appears confused.
The adder closely misses Sigmund.
Unknown command.
The adder is engulfed in noxious fumes.
The adder appears confused.
Casting: Mephitic Cloud
Confirm with . or Enter, or press ? or * to list all spells.
Aiming: Mephitic Cloud
Press: ? - help, Shift-Dir - straight line, f - Sigmund
Aim: Sigmund, wielding a scythe and wearing a robe (moderately wounded)
You miscast Mephitic Cloud.
You are very lightly contaminated with residual magic.
You feel weak for a moment.
Sigmund hits you from afar with a scythe!
Ouch! That really hurt!
You die...

#.#.........#####......
#.#...(.....#.###......
########.##............+......
.........##..........###......
.........##..........# #......
.........##..........###......
.........##..............#####
.........##..............#####
...........@.@...........#....
...........########......#....
#######.S..# #......#....
#..ยงยง# #......#.... .......
#......'.... .........
#......#.... ...........
#......##### #####.#####
#......# #......#####


You could see Sigmund and an adder (confused).

Vanquished Creatures
  An adder (D:2)
  A worm (D:2)
  3 giant geckos
  A giant cockroach (D:1)
  6 goblins
  8 hobgoblins
  4 jackals (D:1)
  7 kobolds
  A ball python (D:1)
  4 bats
  5 giant newts
  6 rats
47 creatures vanquished.

Notes
Turn   | Place    | Note
--------------------------------------------------------------
     0 | D:1      | Liam the Deep Elf Wizard began the quest for the Orb.
     0 | D:1      | Reached XP level 1. HP: 10/10 MP: 7/7
   484 | D:1      | Reached XP level 2. HP: 15/15 MP: 4/9
   551 | D:1      | Reached skill level 5 in Spellcasting
  1203 | D:1      | Reached XP level 3. HP: 19/19 MP: 9/11
  1533 | D:1      | Learned a level 2 spell: Blink
  1536 | D:1      | Learned a level 2 spell: Repel Missiles
  1540 | D:1      | Learned a level 3 spell: Conjure Flame
  1544 | D:1      | Learned a level 3 spell: Mephitic Cloud
  2179 | D:2      | Noticed Sigmund
  2190 | D:2      | Mangled by Sigmund

Vault maps used:
D:1:      lightli_molten_gateway, st_stairs_6, minmay_misc_feat_room
D:2:      nicolae_overflow_crystal_walls, uniq_sigmund

Action                   || total
-------------------------++-------
 Cast: Magic Dart        ||   115
       Mephitic Cloud    ||     1
  Eat: Chunk             ||     3
